 Dungeon Crawl Stone Soup version 0.18-a0-9-gd4dcb6f (webtiles) character file.

949 Hedron the Conjurer (level 7, -14/50 HPs)
             Began as a Black Draconian Conjurer on Nov 1, 2015.
             Demolished by Menkaure (18 damage)
             ... on level 4 of the Dungeon.
             The game lasted 00:20:16 (5958 turns).

Hedron the Conjurer (Black Draconian Conjurer)      Turns: 5958, Time: 00:20:16

Health: -14/50     AC:  7    Str: 10    XL:     7   Next: 90%
Magic:  0/15       EV: 11    Int: 17    God:
Gold:   164        SH:  3    Dex: 12    Spells: 5 memorised, 2 levels left

rFire  . . .     SeeInvis .     n - +0 whip (venom)
rCold  . . .     Clarity  .     (armour unavailable)
rNeg   + . .     SustAt   .     m - +0 buckler
rPois  .         Gourm    .     (helmet restricted)
rElec  +         Spirit   .     (no cloak)
rCorr  .         Warding  .     p - +0 pair of gloves
rMut   .         Stasis   .     (no boots)
MR     .....                    (no amulet)
Stlth  ++........               g - ring of positive energy
                                (no ring)

@: very slightly contaminated, not resistant to hostile enchantments, unstealthy
A: breathe lightning, unfitting armour, electricity resistance, cold-blooded, AC
+6
a: Breathe Lightning


You were on level 4 of the Dungeon.
You were very hungry.

You visited 1 branch of the dungeon, and saw 5 of its levels.

You collected 164 gold pieces.

Inventory:

Hand Weapons
 n - a +0 whip of venom (weapon)
Missiles
 y - 7 curare-tipped needles
Armour
 m - a +0 buckler (worn)
 p - a +0 pair of gloves (worn)
Jewellery
 e - an uncursed ring of teleportation
 g - a ring of positive energy (right hand)
Scrolls
 d - 4 scrolls of teleportation
 q - 2 scrolls of remove curse
 r - 2 scrolls of blinking
 s - a scroll of amnesia
 v - a scroll of fog
 w - a scroll of fear
Potions
 c - a potion of flight
 h - a potion of invisibility
 j - a potion of lignification {unknown}
 k - a potion of brilliance {unknown}
 t - a potion of might {unknown}
Books
 a - a book of Conjurations

   Spells                             Type                      Level
   a - Magic Dart                     Conjuration                  1
   b - Searing Ray                    Conjuration                  2
   c - Dazzling Spray                 Conjuration/Hexes            3
   d - Fulminant Prism                Conjuration/Hexes            4
   e - Iskenderun's Mystic Blast      Conjuration                  4
   f - Iskenderun's Battlesphere      Conjuration/Charms           5
Comestibles
 b - 2 bread rations
 f - 3 fruits
 l - 5 beef jerkies


   Skills:
 - Level 1.7 Dodging
 - Level 1.7 Stealth
 * Level 5.4 Spellcasting
 * Level 7.3 Conjurations
 + Level 3.0 Hexes


You had 2 spell levels left.
You knew the following spells:

 Your Spells              Type           Power        Failure   Level  Hunger
a - Magic Dart            Conj           ####         1%          1    None
b - Searing Ray           Conj           ####..       1%          2    #......
c - Dazzling Spray        Conj/Hex       ###.....     10%         3    ##.....
d - Iskenderun's Mystic   Conj           ####....     12%         4    ####...
e - Fulminant Prism       Conj/Hex       ###.......   28%         4    ####...


Dungeon Overview and Level Annotations

Branches:
Dungeon (5/15)
 Temple: D:4-7

Altars:
Zin

Annotations:
D:4 Menkaure


Innate Abilities, Weirdness & Mutations

You can breathe wild blasts of lightning.
Your glossy black scales are hard (AC +6).
Your body does not fit into most forms of armour.
You are resistant to electric shocks.
You are cold-blooded and may be slowed by cold attacks.


Message History

Your body is wracked with pain!
* * * LOW HITPOINT WARNING * * *
Drink which item? (? for menu, Esc to quit)
Okay, then.
Casting: Dazzling Spray
Confirm with . or Enter, or press ? or * to list all spells.
Aiming: Magic Dart
Press: ? - help, Shift-Dir - straight line, f/p - Menkaure
Aim: Menkaure (heavily damaged, fast)
The magic dart hits Menkaure.
Menkaure is severely damaged.
Menkaure calls on the powers of darkness!
Your body is wracked with pain!
* * * LOW HITPOINT WARNING * * *
Menkaure shouts, "You disturbed my rest!
Die!"
Menkaure casts a spell at you. Pain shoots through your body!
* * * LOW HITPOINT WARNING * * *
Menkaure hits you!!
You die...

......#.#.......####'####.##.##.#
##.####.#.......# #.# #.##.##.#
#......#.......####.# #.......#
########..........#.############
##...#.....#######.#............#
...#.#.##### #...##########.#
####.#.# #.#.# #.# .....#.#
###########.# #.#
..#..#.###......@M)[.###### #.#
..#......#.########>).....# #)#
..#.##.#.#.#.# #...###.# ###[#
.......#.#.#.######...# #.# #o#)#
....####.#.#..........# #.# #.#.#
....##................###.# #...#
.........#.#########..>...# #####
..####.###.#...#.......####
..'....# #.....#.#####.#


You could see Menkaure.

Vanquished Creatures
  The ghost of twist the Ruffian, a novice NaTm (D:4)
  A hound (D:4)
  3 orc wizards (D:4)
  A giant frog skeleton (D:4)
  7 worker ants
  3 orc priests
  An iguana (D:4)
  A hound skeleton (D:4)
  7 adders
  6 gnolls
  An ooze (D:4)
  2 worms
  3 giant geckos (D:3)
  14 orcs
  7 bats
  2 giant cockroaches (D:1)
  5 hobgoblins
  19 jackals
  4 quokkas
  A ball python (D:2)
  6 giant newts
  7 goblins
  A jackal skeleton (D:4)
  11 kobolds
  8 rats
122 creatures vanquished.

Vanquished Creatures (others)
  An ice beast (D:5)
  An orc wizard (D:5)
  An adder (D:5)
3 creatures vanquished.

Grand Total: 125 creatures vanquished

Notes
Turn   | Place    | Note
--------------------------------------------------------------
     0 | D:1      | Hedron the Draconian Conjurer began the quest for the Orb.
     0 | D:1      | Reached XP level 1. HP: 14/14 MP: 3/3
   407 | D:1      | Reached XP level 2. HP: 5/20 MP: 0/5
   707 | D:1      | Learned a level 2 spell: Searing Ray
  1266 | D:1      | Reached XP level 3. HP: 26/26 MP: 5/7
  1435 | D:1      | Learned a level 3 spell: Dazzling Spray
  1812 | D:2      | Reached XP level 4. HP: 29/33 MP: 4/8
  1866 | D:2      | Reached skill level 5 in Conjurations
  1945 | D:2      | Reached skill level 1 in Hexes
  2841 | D:3      | Reached XP level 5. HP: 23/38 MP: 1/10
  3104 | D:3      | Found a glowing silver altar of Zin.
  3619 | D:3      | Learned a level 4 spell: Iskenderun's Mystic Blast
  3958 | D:4      | Reached XP level 6. HP: 45/45 MP: 6/11
  4135 | D:4      | Noticed twist's ghost (novice NaTm)
  4329 | D:4      | Reached skill level 6 in Conjurations
  4640 | D:4      | Killed twist's ghost
  4640 | D:4      | Reached skill level 5 in Spellcasting
  4640 | D:4      | Your scales start taking on a glossy black colour.
  4640 | D:4      | Gained mutation: You are resistant to electric shocks. [Black Draconian growth]
  4640 | D:4      | Reached XP level 7. HP: 37/50 MP: 3/14
  4902 | D:4      | Reached skill level 7 in Conjurations
  4952 | D:4      | Learned a level 4 spell: Fulminant Prism
  5367 | D:5      | Entered Level 5 of the Dungeon
  5367 | D:5      | Noticed Menkaure
  5958 | D:4      | Demolished by Menkaure

Vault maps used:
D:1:      minmay_arrival_stone_box, serial_park_tiny_pond
D:2:      kennysheep_generic_room_15
D:3:      zin_academy, serial_corexii_hall, corexii_hall_statues_l,
          corexii_hall_statues_x, corexii_hall_statues_t, corexii_hall_statues_s
D:5:      minmay_temple_entry_purple_smoke, first_bread, lemuel_flamethrower_2,
          uniq_menkaure

Action                   |  1- 3 |  4- 6 |  7- 9 || total
-------------------------+-------+-------+-------++-------
Melee: Dagger            |    61 |    22 |       ||    83
       Whip              |       |    49 |    19 ||    68
 Cast: Magic Dart        |    64 |    66 |     8 ||   138
       Searing Ray       |     4 |    16 |    11 ||    31
       Dazzling Spray    |     1 |     6 |       ||     7
       Iskenderun's Myst |       |       |     4 ||     4
  Use: Scroll            |     5 |     8 |       ||    13
       Potion            |     1 |       |     1 ||     2
 Stab: Sleeping          |       |     4 |     1 ||     5
       Distracted        |       |       |     1 ||     1
  Eat: Chunk             |     3 |    11 |     2 ||    16
       Pizza             |       |       |     1 ||     1
